 Dungeon Crawl Stone Soup version 0.27.0-1-g7a089689b8 (webtiles) character file.

Game seed: 5771229157166136009

20 Descartes the Covert (level 2, -1/16 HPs)
             Began as a Spriggan Delver on Aug 14, 2021.
             Slain by a hound (3 damage)
             ... on level 4 of the Dungeon.
             The game lasted 00:01:25 (348 turns).

Descartes the Covert (Spriggan Delver)               Turns: 348, Time: 00:01:26

Health: -1/16      AC:  2    Str:  8    XL:     2   Next: 58%
Magic:  3/3        EV: 17    Int: 11    God:
Gold:   0          SH:  0    Dex: 16    Spells: 1/1 levels left

rFire    . . .     SeeInvis +   a - +0 short sword
rCold    . . .     Faith    .   (shield restricted)
rNeg     . . .     Spirit   .   b - +0 robe
rPois    .         Reflect  .   (helmet restricted)
rElec    .         Harm     .   (no cloak)
rCorr    .         Rampage  .   (gloves unavailable)
Will     .....                  (boots unavailable)
Stlth    ++++......             (no amulet)
HPRegen  0.05/turn              (no ring)
MPRegen  0.08/turn              (no ring)

@: very quick
A: very small, no large weapons, unfitting armour, see invisible, speed 3
a: no special abilities


You were on level 4 of the Dungeon.
You visited 1 branch of the dungeon, and saw 2 of its levels.

Inventory:

Hand Weapons
 a - a +0 short sword (weapon)
Missiles
 h - 16 stones (quivered)
Armour
 b - a +0 robe (worn)
Wands
 g - a wand of digging (3)
Scrolls
 c - a scroll of fog
 e - a scroll of fear
Potions
 f - a potion of haste


   Skills:
 - Level 2.4 Fighting
 - Level 2.1 Short Blades
 - Level 2.6 Dodging
 + Level 8.4 Stealth


You had one spell level left.
You didn't know any spells.
Your spell library was empty.

Dungeon Overview and Level Annotations

Branches:
Dungeon (5/15)
 Temple: D:4-7

Altars:

Annotations:
D:4 Blork the orc


Innate Abilities, Weirdness & Mutations

You are very small and have problems with some larger weapons.
You are too small for most types of armour.
You have supernaturally acute eyesight. (SInv)
You cover ground extremely quickly. (Speed+++)


Message History

Blork the orc comes into view.
He is wielding a +0 battleaxe.
You closely miss the hound.
The hound is lightly wounded.
The hound bites you but does no damage. The orc closely misses you.
The hound closely misses you.
A ball python comes into view.
Unknown command.
The hound bites you.
You closely miss the hound.
The hound is lightly wounded.
The hound misses you.
You closely miss the hound.
The hound is lightly wounded.
The hound bites you. x2
* * * LOW HITPOINT WARNING * * *
A ball python and an orc come into view.
An orc comes into view.
It is wielding a +0 flail and quivering boomerangs of dispersal.
The orc shouts!
You hear a shout!
An orc comes into view. It is wielding a +0 mace.
Okay, then.
Okay, then.
You are not religious.
As you read the scroll of magic mapping, it crumbles to dust.
You feel aware of your surroundings. The hound misses you. x2
You hit the hound.
The hound is moderately wounded.
The hound closely misses you.
You completely miss the hound.
The hound is moderately wounded.
The hound misses you. The hound completely misses you.
You hit the hound.
The hound is heavily wounded.
The hound closely misses you.
You hit the hound but do no damage.
The hound is heavily wounded.
The hound barely misses you. The hound closely misses you.
You hit the hound.
The hound is heavily wounded.
The hound bites you.
You die...

,,,,,*###o###.#####.#.....##*,*
****,*...oS.................,,*
*,*.##.###S#####>.##..#.*..*
*,,,,,,* #.# ##.##..#,*.,*
***,,,** #h# #.##..,,.,,* ***,*
#.# #.##.#*.#,#* *,* #.####
#.##.##.#.# *,* #.Sh.#
#.........# *,*
####@####......##* *,*
#.....##.#.##.# *,*
#.....##.#.##.# *,*
#.....##.#..#.# *,*
#.....##.##.#.# #.#
#.....##.##.#.# #.#
########......# #.#
########.### #.# #........#


You could see a hound and a ball python.

Vanquished Creatures
  A hound skeleton (D:4)
  3 orcs (D:4)
  A goblin (D:4)
5 creatures vanquished.

Notes
Turn   | Place    | Note
-------+----------+-------------------------------------------
     0 | D:5      | Descartes the Spriggan Delver began the quest for the Orb.
     0 | D:5      | Reached XP level 1. HP: 11/11 MP: 2/2
   285 | D:4      | Reached skill level 8 in Stealth
   285 | D:4      | Reached XP level 2. HP: 16/16 MP: 3/3
   317 | D:4      | Noticed Blork the orc
   348 | D:4      | Slain by a hound

Illustrated notes

Levels and vault maps discovered:
D:4:      layout_loops_cross, uniq_blork_the_orc, uniq_robin
D:5:      layout_gridville

Skill      XL: |  1 |
---------------+----+-----
Stealth        | 8 |  8.4
Fighting       | |  2.4
Short Blades   | |  2.1
Dodging        | |  2.6

Action                   || total
-------------------------++-------
Melee: Short sword       ||    24
  Use: Scroll            ||     1
 Stab: Sleeping          ||     3
Armor: Robe              ||     2
Dodge: Dodged            ||    21
